 Dungeon Crawl Stone Soup version 0.29-a0-319-gad05b8d819 (webtiles) character file.

Game seed: 13584159257285633158

6016 kae the Arsonist (level 10, 0/59 HPs)
             Began as a Tengu Fire Elementalist on Apr 1, 2022.
             Was a Follower of Vehumet.
             Slain by an unseen horror (3 damage)
             ... on level 9 of the Dungeon.
             The game lasted 00:07:45 (14640 turns).

kae the Arsonist (Tengu Fire Elementalist)         Turns: 14640, Time: 00:07:45

Health: 0/59       AC: 12    Str:  8    XL:     10   Next: 86%
Magic:  7/19       EV: 18    Int: 24    God:    Vehumet [*.....]
Gold:   408        SH:  0    Dex: 14    Spells: 3/20 levels left

rFire   . . .      SeeInvis .   l - staff of conjuration
rCold   . . .      Faith    .   (no shield)
rNeg    . . .      Spirit   .   r - +1 ring mail of Mempou {Int+3}
rPois   .          Reflect  .   (helmet restricted)
rElec   .          Harm     .   w - +0 cloak
rCorr   .          Rampage  .   (no gloves)
Will    .....                   (boots unavailable)
Stlth   +.........              (no amulet)
HPRegen 0.19/turn               d - +4 ring of protection
MPRegen 0.16/turn               n - +4 ring of evasion

@: flying quickly and evasively, quick
A: beak, talons 3, nimble flight
a: Renounce Religion


You were on level 9 of the Dungeon.
You worshipped Vehumet.
Vehumet was aware of your devotion.
You visited 2 branches of the dungeon, and saw 11 of its levels.

You collected 408 gold pieces.

Inventory:

Hand Weapons
 i - a +0 dagger
 j - a +1 vampiric short sword
Missiles
 v - 2 throwing nets
Armour
 a - a +0 robe
 r - the +1 ring mail of Mempou (worn) {Int+3}
   (You found it on level 4 of the Dungeon)

   Int:       It affects your intelligence (+3).
 w - a +0 cloak (worn)
 y - the +3 leather armour of the Wasteland {Harm rF+ Int+5 Stlth-}
   (You found it on level 7 of the Dungeon)

   Int:       It affects your intelligence (+5).
   rF:        It protects you from fire.
   Harm:      It increases damage dealt and taken.
   Stlth:     It makes you less stealthy.
 A - the +4 ring mail of Morality {Will+}
   (You found it on level 8 of the Dungeon)

   Will:      It increases your willpower.
Magical Staves
 l - a staff of conjuration (weapon)
Jewellery
 d - a +4 ring of protection (left hand)
 n - a +4 ring of evasion (right hand)
 z - a ring of resist corrosion
Wands
 o - a wand of digging (2)
 B - a wand of acid (7)
 D - a wand of flame (13)
Scrolls
 f - 6 scrolls of identify
 g - 3 scrolls of immolation
 x - 4 scrolls of blinking
Potions
 b - a potion of magic
 c - a potion of berserk rage
 e - 2 potions of lignification
 h - 4 potions of brilliance
 k - 11 potions of curing
 m - 2 potions of heal wounds
 p - 2 potions of flight
 q - 2 potions of might
 s - 2 potions of haste
 t - a potion of mutation
 u - a potion of attraction
 C - a potion of cancellation {unknown}


   Skills:
 + Level 5.3 Fighting
 + Level 6.0 Armour
 + Level 6.4 Dodging
 - Level 2.0 Stealth
 + Level 5.5 Spellcasting
 + Level 7.4 Conjurations
 * Level 9.7 Fire Magic
 + Level 5.1 Evocations


You had 3 spell levels left.
You knew the following spells:

 Your Spells              Type           Power      Damage    Failure   Level
a - Foxfire               Conj/Fire      100%       2x1d9     1%          1
b - Scorch                Fire           100%       2d10      1%          2
c - Conjure Flame         Conj/Fire      64%        6-21      1%          3
d - Inner Flame           Hex/Fire       29%        N/A       10%         3
e - Flame Wave            Conj/Fire      64%        2d12      7%          4
f - Sticky Flame          Conj/Fire      64%        2d8       7%          4

Your spell library contained the following spells:

 Spells                   Type           Power      Damage    Failure   Level
 Shock                    Conj/Air       100%       1d9       4%          1
 Ignite Poison            Fire/Tmut/Pois 22%        N/A       19%         3
 Gell's Gravitas          Tloc           6%         N/A       56%         3
 Lesser Beckoning         Tloc           6%         N/A       56%         3
 Teleport Other           Tloc           6%         N/A       56%         3


Dungeon Overview and Level Annotations

Branches:
Dungeon (10/15)            Temple (1/1) D:5
   Lair: D:8-11         Orc: D:9-12

Altars:
Ashenzari
Cheibriados
Dithmenos
Elyvilon
Fedhas
Gozag
Hepliaklqana
Kikubaaqudgha
Makhleb
Nemelex Xobeh
Okawaru
Qazlal
Ru
Sif Muna
Trog
Uskayaw
Vehumet
Wu Jian
Xom
Yredelemnul
Zin
The Shining One

Shops:
D:2 (

Annotations:
D:3 2 transporters, benappo's ghost, weakling DjCj
D:4 4 runed translucent doors
D:6 3 runed translucent doors, Ajdolov's ghost, weakling GnDe; robertstho's ghost, novice DjFE; sanka's ghost, novice GnMo


Innate Abilities, Weirdness & Mutations

You have a beak for a mouth.
You have claws for feet.
Your magical nature lets you fly swiftly and evasively.


Message History

The orc priest's fire resistance burns away.
Something hits you. Something misses you. The orc wizard barely misses you.
The orc priest invokes the aid of Beogh against you.
Pain shoots through your body! Something hits you.
* * * LOW HITPOINT WARNING * * *
The orc wizard casts a spell at you.
You easily resist.
The orc priest hits you but does no damage.
Casting: Scorch (safe; 1% risk of failure)
Confirm with . or Enter, or press ? or * to list all spells.
Flames lash something.
The orc wizard is no longer more vulnerable to fire.
Something hits you.
* * * LOW HITPOINT WARNING * * *
The orc wizard hits you but does no damage.
The orc priest hits you with a +0 short sword.
* * * LOW HITPOINT WARNING * * *
Something barely misses you.
The orc wizard gestures at you while chanting.
You easily resist.
The orc priest looks encouraged for a moment.
Casting: Scorch (safe; 1% risk of failure)
Confirm with . or Enter, or press ? or * to list all spells.
Flames lash the orc priest.
The orc priest is burned terribly!
You kill the orc priest!
Vehumet accepts your kill. Something hits you.
* * * LOW HITPOINT WARNING * * *
The orc wizard completely misses you. Something hits you but does no damage.
The orc wizard hits you but does no damage.
Something hits you.
* * * LOW HITPOINT WARNING * * *
Casting: Scorch (safe; 1% risk of failure)
Confirm with . or Enter, or press ? or * to list all spells.
Flames lash something.
Something closely misses you. x2
The orc wizard misses you. Something hits you.
You die...

#.#.....#....#####
#.......#.........
#.............#..#
#.#..............#
#.#.....#......)..
#.........#####'##
#......####.......
#.o....# #..>....
#@#....# #...####
#))....####...#...
#....#.'......#.#.
#......###+####...
#................#
#....#..#..##..#.#
#.#..............#
#.....^..........#
#.......#...#....#


You could see an orc wizard.

Vanquished Creatures
  2 two-headed ogres
  A deep elf pyromancer (D:9)
  Maurice (D:9)
  3 trolls
  3 water moccasins
  3 black bears
  4 sky beasts
  3 ice beasts
  2 orc warriors
  2 centaurs
  A phantom (D:5)
  A bullfrog (D:7)
  A kobold brigand (D:9)
  4 scorpions
  4 killer bees (D:9)
  2 howler monkeys
  3 electric eels (D:9)
  3 hounds
  2 jellies (D:5)
  4 orc priests
  2 gnoll shamans
  6 iguanas
  Jessica (D:3)
  9 orc wizards
  Robin (D:1)
  9 gnolls
  8 adders
  A shadow imp (D:8)
  A white imp (D:7)
  4 ufetubi
  2 worms
  2 dart slugs
  28 orcs
  9 endoplasms
  3 giant cockroaches
  20 goblins
  14 hobgoblins
  3 quokkas
  8 ball pythons
  8 bats
  2 frilled lizards
  14 kobolds
  5 rats
209 creatures vanquished.

Vanquished Creatures (collateral kills)
  2 foxfires (D:1)
2 creatures vanquished.

Vanquished Creatures (others)
  602 foxfires
  A plant (D:1)
  4 withered plants (D:6)
607 creatures vanquished.

Grand Total: 818 creatures vanquished

Notes
Turn   | Place    | Note
-------+----------+-------------------------------------------
     0 | D:1      | kae the Tengu Fire Elementalist began the quest for the
                  | Orb.
     0 | D:1      | Reached XP level 1. HP: 10/10 MP: 4/4
    79 | D:1      | Found a faded altar of an unknown god.
   452 | D:1      | Reached XP level 2. HP: 15/15 MP: 1/6
  1513 | D:2      | Reached XP level 3. HP: 20/20 MP: 4/7
  1516 | D:2      | Learned a level 2 spell: Scorch
  1520 | D:2      | Learned a level 3 spell: Conjure Flame
  1608 | D:2      | Found Erih's Weapon Shop.
  1662 | D:2      | Noticed Robin
  1694 | D:1      | Reached skill level 4 in Fire Magic
  2151 | D:1      | Reached skill level 1 in Armour
  2196 | D:1      | Killed Robin
  2282 | D:2      | Reached skill level 1 in Fighting
  2282 | D:2      | Reached XP level 4. HP: 25/25 MP: 1/8
  3096 | D:2      | Gained mutation: Your magical nature lets you fly swiftly
                  | and evasively. [Tengu growth]
  3096 | D:2      | Reached XP level 5. HP: 17/29 MP: 5/9
  3476 | D:3      | Learned a level 3 spell: Inner Flame
  3612 | D:3      | Found a transporter.
  3612 | D:3      | Noticed benappo's ghost (weakling DjCj)
  3613 | D:3      | Noticed a centaur
  3845 | D:3      | Found a transporter.
  3862 | D:3      | Noticed Jessica
  3868 | D:3      | Killed Jessica
  4077 | D:3      | Found a sacrificial altar of Ru.
  4220 | D:4      | Reached skill level 1 in Evocations
  4220 | D:4      | Reached XP level 6. HP: 34/34 MP: 3/11
  4520 | D:4      | Reached skill level 5 in Fire Magic
  5130 | D:4      | Found a large runed translucent door.
  5130 | D:4      | Found a large runed translucent door.
  5132 | D:4      | Noticed an acid dragon
  5166 | D:4      | Reached XP level 7. HP: 40/40 MP: 2/12
  5293 | D:4      | Found a large runed translucent door.
  5293 | D:4      | Found a large runed translucent door.
  5711 | D:4      | Identified the +1 ring mail of Mempou {Int+3}
  5778 | D:5      | Entered Level 5 of the Dungeon
  5923 | D:5      | Found a staircase to the Ecumenical Temple.
  6283 | D:5      | Reached skill level 6 in Fire Magic
  6292 | D:5      | Reached XP level 8. HP: 23/45 MP: 3/14
  7852 | D:6      | Reached skill level 7 in Fire Magic
  7932 | D:6      | Reached skill level 5 in Conjurations
  8106 | D:6      | Found a runed translucent gate.
  8107 | D:6      | Found a runed translucent gate.
  8108 | D:6      | Found a runed translucent gate.
  8109 | D:6      | Noticed Ajdolov's ghost (weakling GnDe)
  8110 | D:6      | Noticed sanka's ghost (novice GnMo)
  8110 | D:6      | Noticed robertstho's ghost (novice DjFE)
  8143 | D:6      | Reached XP level 9. HP: 29/51 MP: 2/16
  9453 | D:7      | Identified the +3 leather armour of the Wasteland {Harm rF+
                  | Int+5 Stlth-}
  9470 | D:7      | Noticed a troll
  9492 | D:7      | Killed a troll
  9493 | D:7      | Reached skill level 5 in Dodging
  9834 | D:7      | HP: 1/52 [orc priest/divine providence (15)]
 10586 | D:7      | Reached skill level 8 in Fire Magic
 11088 | Temple   | Entered the Ecumenical Temple
 11321 | Temple   | Became a worshipper of Vehumet
 11445 | D:8      | Found a bloodstained altar of Trog.
 11508 | D:8      | Noticed a two-headed ogre
 11556 | D:7      | Killed a two-headed ogre
 11557 | D:7      | Reached skill level 5 in Armour
 11557 | D:7      | Reached skill level 5 in Spellcasting
 11557 | D:7      | Reached XP level 10. HP: 42/58 MP: 1/18
 11739 | D:8      | Identified the +4 ring mail of Morality {Will+}
 12075 | D:8      | Found a sparkling altar of Nemelex Xobeh.
 12255 | D:9      | Noticed Maurice
 12412 | D:9      | HP: 1/58 [Maurice/bolt of acid (38)]
 12714 | D:8      | Learned a level 4 spell: Flame Wave
 12719 | D:8      | Learned a level 4 spell: Sticky Flame
 12734 | D:9      | Killed Maurice
 12957 | D:9      | Noticed a two-headed ogre
 12983 | D:9      | Killed a two-headed ogre
 12984 | D:9      | Reached skill level 5 in Fighting
 12984 | D:9      | Reached skill level 9 in Fire Magic
 13406 | D:9      | Noticed a deep elf pyromancer
 13413 | D:9      | Killed a deep elf pyromancer
 13414 | D:9      | Reached skill level 5 in Evocations
 14029 | D:9      | Reached * piety under Vehumet
 14029 | D:9      | Offered knowledge of Shock by Vehumet.
 14624 | D:10     | Entered Level 10 of the Dungeon
 14640 | D:9      | Slain by an unseen horror

Illustrated notes

Levels and vault maps discovered:
D:1:      nzn_arrival_depleted_hourglass, layout_loops_corners,
          hellmonk_ecumenical_altar_crossroads, serial_forest,
          infiniplex_forest_lined_2, infiniplex_forest_lined_3,
          infiniplex_forest_clump_curved, infiniplex_forest_end_2,
          infiniplex_forest_lined_1, infiniplex_forest_lined_2,
          infiniplex_forest_corner_1
D:2:      layout_rooms, serial_shops, nicolae_shop_bloodbath_and_beyond,
          uniq_robin
D:3:      layout_rooms, lemuel_coloured_pillars_altar, gammafunk_ghost_arena,
          nrook_uturn, uniq_jessica
D:4:      layout_loops_cross, minmay_hollow_rounded_squares
D:5:      layout_basic, temple_statues
D:6:      layout_gridville, gammafunk_ghost_cemetery, minmay_misc_feat_tiny,
          st_stairs_6
D:7:      layout_layer_cave
D:8:      layout_cave_pools, nemelex_diamond_rough_becter, bloody_trog
D:9:      layout_stronghold, minivault_25, kennysheep_generic_room_2,
          uniq_maurice
D:10:     gammafunk_corrupted_shrine, layout_layer_cave, enter_trove_0,
          eino_tiny_chamber
Temple:   mainiacjoe_temple_bowtie_tessellation

Skill      XL: |  1  2  3  4  5  6  7  8  9 10 |
---------------+-------------------------------+-----
Conjurations   | 2 3 4 5 6 7 |  7.4
Fire Magic     | 4 5 6 7 8 9 |  9.7
Armour         | 1 2 3 4 5 6 |  6.0
Fighting       | 1 2 3 4 5 |  5.3
Dodging        | 3 4 5 6 |  6.4
Evocations     | 1 2 3 4 5 |  5.1
Spellcasting   | 3 4 5 |  5.5
Stealth        | |  2.0

Action                   |  1- 3 |  4- 6 |  7- 9 | 10-12 || total
-------------------------+-------+-------+-------+-------++-------
Melee: Unarmed           |     7 |       |       |       ||     7
       Kick              |     5 |    14 |    29 |     1 ||    49
       Peck              |     3 |     4 |    17 |       ||    24
       Punch             |     1 |     1 |     3 |       ||     5
       Staff             |       |    40 |    80 |     2 ||   122
 Cast: Foxfire           |    60 |    74 |   165 |    47 ||   346
       Scorch            |    11 |    31 |    67 |    36 ||   145
       Conjure Flame     |       |       |     5 |     3 ||     8
       Inner Flame       |       |       |       |     2 ||     2
       Flame Wave        |       |       |       |     2 ||     2
       Sticky Flame      |       |       |       |     1 ||     1
  Use: Scroll            |     1 |     9 |    10 |     1 ||    21
Armor: Robe              |    28 |    13 |     2 |       ||    43
       Ring mail         |       |       |    94 |    15 ||   109
Dodge: Dodged            |    48 |    78 |   213 |    54 ||   393

Table legend: (Time is in decaauts)
 A = Elapsed time spent in this place.
 B = Non-inter-level travel time spent in this place.
 C = Inter-level travel time spent in this place.
 D = Time resting spent in this place.
 E = Time spent auto-exploring this place.
 F = Levels seen in this place.
 G = Mean time per level.
                   A        B        C        D        E       F      G
               +--------+--------+--------+--------+--------+-----+--------+
         Total |  14171 |  13643 |    528 |   2133 |   9596 |  11 | 1288.3 |
       Dungeon |  13950 |  13456 |    494 |   2133 |   9420 |  10 | 1395.0 |
        Temple |    220 |    186 |     34 |      0 |    175 |   1 |  220.0 |
               +--------+--------+--------+--------+--------+-----+--------+

Top non-repeatable levels by time:
     D:6: 2221 daAuts
     D:1: 2017 daAuts
     D:9: 1867 daAuts
     D:7: 1652 daAuts
     D:4: 1561 daAuts
     D:5: 1443 daAuts
     D:2: 1305 daAuts
     D:8: 1092 daAuts
     D:3: 784 daAuts
  Temple: 220 daAuts
    D:10: 3 daAuts
